 Dungeon Crawl Stone Soup version 0.18.1-48-g4cf74bf (webtiles) character file.

205722 Jerry the Executioner (level 18, -9/151 HPs)
             Began as a Minotaur Gladiator on Aug 12, 2016.
             Was a High Priest of Okawaru.
             Blown up by an orb spider (49 damage)
             ... with an orb of destruction
             ... on level 4 of the Spider Nest.
             The game lasted 05:08:36 (36233 turns).

Jerry the Executioner (Minotaur Gladiator)         Turns: 36233, Time: 05:08:37

Health: -9/151     AC: 35    Str: 23    XL:     18   Next: 42%
Magic:  4/23       EV: 14    Int:  5    God:    Okawaru [*****.]
Gold:   1939       SH:  0    Dex: 19    Spells: 1 memorised, 15 levels left

rFire  . . .     SeeInvis +     P - +3 executioner's axe of Defiance {drain, rN+}
rCold  + . .     Gourm    .     k - +2 plate armour {rPois}
rNeg   + . .     Faith    .     (shield currently unavailable)
rPois  +         Spirit   .     X - +2 hat {MR+}
rElec  .         Dismiss  .     S - +2 cloak
rCorr  .         Reflect  .     R - +2 pair of gloves {Dex+3}
SustAt .         Harm     .     a - +0 pair of boots (curse)
MR     +++..                    g - amulet "Betsac" {rC+ Regen+}
Stlth  ..........               U - ring of see invisible
                                N - ring of protection from magic

@: extremely resistant to hostile enchantments, extremely unstealthy
A: retaliatory headbutt, hooves 1, horns 2, iridescent scales 1
a: Heroism, Finesse, Renounce Religion


You were on level 4 of the Spider Nest.
You worshipped Okawaru.
Okawaru was extremely pleased with you.
You were hungry.

You visited 6 branches of the dungeon, and saw 31 of its levels.

You collected 2776 gold pieces.
You spent 837 gold pieces at shops.

Inventory:

Hand Weapons
 P - the +3 executioner's axe of Defiance (weapon) {drain, rN+}
   (Okawaru gifted it to you on level 5 of the Lair of Beasts)

   A truly terrible weapon, it drains the life of those it strikes.
   It protects you from negative energy.
Missiles
 l - 5 tomahawks of returning (quivered)
 y - 4 steel javelins
Armour
 a - a cursed +0 pair of boots (worn)
 k - a +2 plate armour of poison resistance (worn)
 R - a +2 pair of gloves of dexterity (worn)
 S - a +2 cloak (worn)
 X - a +2 hat of magic resistance (worn)
Jewellery
 d - an uncursed ring of protection from fire
 e - an uncursed ring of protection from cold
 g - the amulet "Betsac" (around neck) {rC+ Regen+}
   (You acquired it on level 2 of the Lair of Beasts)

   [amulet of regeneration]

   It protects you from cold.
   It increases your rate of regeneration.
 N - a ring of protection from magic (left hand)
 U - a ring of see invisible (right hand)
 Z - an uncursed ring of resist corrosion
Wands
 h - a wand of iceblast (9/15)
 v - a wand of disintegration (9/24)
 w - a wand of acid (0/15)
 E - a wand of digging (1/24)
Scrolls
 b - 9 scrolls of remove curse
 c - 2 scrolls of fog
 i - a scroll of teleportation
 o - 2 scrolls of identify
 q - 4 scrolls of magic mapping
 s - 2 scrolls of recharging
 t - 2 scrolls of enchant armour
 C - a scroll of immolation
 D - a scroll of enchant weapon
 I - a scroll of silence {unknown}
 J - 3 scrolls of fear
 O - 3 scrolls of blinking
Potions
 p - 2 potions of ambrosia
 B - 5 potions of curing
 F - a potion of flight
 H - 2 potions of cancellation
 K - 3 potions of invisibility
 M - a potion of resistance {unknown}
 Q - a potion of haste
 V - 3 potions of cure mutation
 W - a potion of mutation
 Y - a potion of might
Miscellaneous
 A - a phial of floods
Comestibles
 f - 16 bread rations
 j - 18 royal jellies
 m - 2 beef jerkies
 n - 15 meat rations
 r - 12 slices of pizza
 u - 11 fruits


   Skills:
 - Level 11.0 Fighting
 + Level 24.9 Axes
 - Level 5.0 Throwing
 - Level 18.4 Armour
 - Level 10.0 Dodging
 - Level 2.1 Stealth
 - Level 1.1 Charms
 - Level 1.4 Air Magic
 - Level 9.0 Invocations


You had 15 spell levels left.
You knew the following spells:

 Your Spells              Type           Power        Failure   Level  Hunger
a - Swiftness             Chrm/Air       #.......     100%        2    ###....


Dungeon Overview and Level Annotations

Branches:
Dungeon (15/15)            Temple (1/1) D:4            Lair (8/8) D:10
 Shoals (1/4) Lair:3       Spider (4/4) Lair:5        Slime (0/6) Lair:7
    Orc (2/2) D:11         Vaults (0/5) D:13         Depths (0/5) D:15
    Elf: Orc:2

Altars:
Ashenzari
Cheibriados
Dithmenos
Elyvilon
Fedhas
Gozag
Kikubaaqudgha
Makhleb
Nemelex Xobeh
Okawaru
Pakellas
Qazlal
Ru
Sif Muna
Trog
Vehumet
Xom
Yredelemnul
Zin
The Shining One

Shops:
D:5 :   D:6 *   D:15 %

Annotations:
Orc:2 Nessos


Innate Abilities, Weirdness & Mutations

You reflexively headbutt those who attack you in melee.
You have a pair of horns on your head.
You have large cloven feet.
You are partially covered in iridescent scales (AC +4).


Message History

Press: ? - help, Shift-Dir - straight line, f/p - orb spider
Aim: an orb spider (moderately wounded, fully charged)
You throw a tomahawk of returning.
The tomahawk of returning hits the orb spider!
The orb spider is heavily wounded.
The tomahawk of returning fails to return to your pack!
You feel sick.
You are no longer poisoned.
The orb spider weaves a glowing orb of energy.
An orb of destruction comes into view.
The orb spider pulsates with a strange energy.
The orb of destruction hits you!
* * * LOW HITPOINT WARNING * * *
Drink which item? (? for menu, Esc to quit)
You feel much better.
The orb spider weaves a glowing orb of energy.
An orb of destruction comes into view.
The orb spider begins to weave its threads into a brightly glowing ball.
The orb of destruction hits you!
You die...

##^...#...^.#^....#
####...
#.≈..^#^....#^...^##
#..#...
#....^#.....#....^.#
#....^.
#...^.#....^#^.....#
#.....#
##≈..^##.....#......#
#......
#^...^#......#≈^....#
#......
#.....#......#.....^#
#.....#
#≈...^#^.....#.....≈#
#......
##....≈#^....@#.....^#
####...
#≈....^....§§..^....)#
##....
##≈.........§.........#
#.....
#^....≈#...§^.#^......##
#....#
#.....^#.^.§.^#......^.#
##..##
#.....^#.^..^≈#^......^#
######
#......#...s^.#^...#####
#...##
####..^#...(^.#^.###
#...## ##..#^^..^^#.##
#...#.


You could see an orb spider.

Vanquished Creatures
  Nikola (Spider:3)
  Rupert (Lair:7)
  Frances (D:14)
  The ghost of ayyllmao the Peltast, an adept MiFi of Ru (Spider:4)
  Maud (D:14)
  4 ghost moths
  5 emperor scorpions
  Louise (Spider:2)
  A salamander stormcaller (D:15)
  7 spark wasps
  A yaktaur captain (D:13)
  Josephine (D:10)
  2 fire dragons
  8 hydras
  2 entropy weavers
  2 catoblepae (Lair:8)
  3 centaur warriors (D:15)
  14 death yaks
  A deep troll shaman (Lair:8)
  Urug (D:11)
  A vampire mage (D:15)
  3 skeletal warriors
  A fire crab (Lair:7)
  3 unseen horrors
  A lindwurm (Lair:8)
  6 hill giants
  A wolf spider zombie (D:14)
  28 orb spiders
  5 hornets
  A necromancer (D:15)
  An iron dragon zombie (D:15)
  3 griffons
  29 wolf spiders
  3 deep elf magi (D:15)
  4 salamanders (D:15)
  The ghost of Rexou the Sneak, a novice HEHu of Okawaru (D:5)
  2 moths of wrath
  An orc sorcerer (Orc:1)
  4 cyclopes
  21 elephants
  11 ugly things
  A manticore (D:14)
  2 guardian serpents (D:10)
  3 torpor snails
  3 black mambas
  Maurice (D:8)
  2 gargoyles
  12 spiny frogs
  8 komodo dragons
  A yaktaur zombie (D:15)
  3 kobold demonologists
  3 rime drakes
  3 yaktaurs
  10 demonic crawlers
  8 trolls
  36 jumping spiders
  A queen bee (Lair:6)
  2 polar bears (Lair:6)
  2 merfolk (Shoals:1)
  11 slime creatures
  Prince Ribbit (D:8)
  Grinder (D:4)
  3 two-headed ogres
  A boulder beetle (Spider:3)
  A harpy skeleton (D:14)
  2 snapping turtles (Lair:3)
  21 blink frogs
  A spriggan skeleton (D:15)
  3 shadows
  An ice dragon skeleton (D:15)
  A spriggan (Lair:6)
  31 tarantellas
  A wyvern (shapeshifter) (D:15)
  78 redbacks
  6 wraiths
  Sigmund (D:2)
  Eustachio (D:5)
  5 basilisks
  3 water elementals
  A human (D:7)
  A vampire (D:15)
  2 hungry ghosts
  3 steam dragons
  A fire elemental (D:15)
  16 hippogriffs
  4 vampire mosquitoes (D:15)
  34 yaks
  2 wargs (Orc:1)
  4 mottled dragons
  2 soldier ants
  20 water moccasins
  10 porcupines
  2 ice beasts (D:13)
  16 orc warriors
  3 sky beasts
  A necrophage (D:7)
  A phantom (D:7)
  5 wasps
  5 black bears
  An eye of draining (D:15)
  19 wolves
  11 ogres
  15 centaurs
  16 crocodiles
  The ghost of ayyllmao the Skirmisher, an amateur GrFi (D:3)
  2 big kobolds
  18 giant frogs
  2 wyvern skeletons
  3 scorpions
  4 wights (D:8)
  43 killer bees
  5 howler monkeys
  2 electric eels
  4 crimson imps
  3 quasits
  3 giant frog zombies
  5 centaur zombies
  A wasp zombie (D:8)
  6 hounds
  4 jellies
  4 gnoll shamans (D:4)
  19 orc priests
  3 centaur skeletons
  19 orc wizards
  3 giant frog skeletons
  8 iguanas
  9 worker ants
  2 killer bee zombies
  30 sheep
  A hound zombie (D:5)
  A hound skeleton (D:4)
  A worker ant zombie (D:5)
  A howler monkey zombie (D:7)
  Robin (D:4)
  14 adders
  37 gnolls
  72 river rats
  2 shadow imps
  2 oozes
  2 adder skeletons
  2 worms
  A dart slug (D:3)
  5 giant geckos
  79 orcs
  3 ball pythons
  6 bats
  A giant cockroach (D:1)
  9 hobgoblins
  18 jackals (D:4)
  13 kobolds
  7 quokkas
  A giant gecko zombie (D:8)
  5 giant newts
  16 goblins
  6 rats
  A bush (Lair:7)
  6 fungi
  2 plants
1175 creatures vanquished.

Vanquished Creatures (others)
  A tarantella (Spider:2)
  A redback (Spider:4)
  A bush (D:7)
  15 fungi
  6 plants
24 creatures vanquished.

Grand Total: 1199 creatures vanquished

Notes
Turn   | Place    | Note
--------------------------------------------------------------
     0 | D:1      | Jerry the Minotaur Gladiator began the quest for the Orb.
     0 | D:1      | Reached XP level 1. HP: 18/18 MP: 0/0
   114 | D:1      | Reached skill level 1 in Armour
   213 | D:1      | Reached XP level 2. HP: 25/25 MP: 1/1
   373 | D:1      | Reached skill level 4 in Axes
   720 | D:2      | Found a shadowy altar of Dithmenos.
   724 | D:2      | Noticed Sigmund
  1004 | D:2      | Killed Sigmund
  1004 | D:2      | Reached skill level 5 in Axes
  1004 | D:2      | Reached XP level 3. HP: 13/30 MP: 2/2
  1004 | D:2      | Reached XP level 4. HP: 16/37 MP: 3/3
  1004 | D:2      | Reached XP level 5. HP: 18/42 MP: 4/4
  1777 | D:3      | Noticed ayyllmao's ghost (amateur GrFi)
  1787 | D:3      | Killed ayyllmao's ghost
  1787 | D:3      | Reached skill level 6 in Axes
  1787 | D:3      | Reached skill level 5 in Armour
  1787 | D:3      | Reached XP level 6. HP: 39/50 MP: 5/5
  2069 | D:3      | Found an ancient bone altar of Kikubaaqudgha.
  2388 | D:3      | Found a burning altar of Makhleb.
  2389 | D:3      | Noticed a cacodemon
  2439 | D:3      | Found a basalt altar of Yredelemnul.
  2775 | D:4      | Found a glowing silver altar of Zin.
  2777 | D:4      | Noticed an angel
  2782 | D:4      | Noticed Robin
  2798 | D:4      | Killed Robin
  2807 | D:4      | Reached skill level 7 in Axes
  2807 | D:4      | Reached XP level 7. HP: 46/56 MP: 6/6
  2863 | D:4      | Found a shimmering altar of Xom.
  2891 | D:4      | Found a staircase to the Ecumenical Temple.
  2909 | Temple   | Entered the Ecumenical Temple
  3657 | D:4      | Reached skill level 8 in Axes
  3700 | D:4      | Found an iron altar of Okawaru.
  3700 | D:4      | Found a white marble altar of Elyvilon.
  3703 | D:4      | Became a worshipper of Warmaster Okawaru
  4093 | D:4      | Noticed Grinder
  4117 | D:4      | Killed Grinder
  4117 | D:4      | Reached XP level 8. HP: 62/62 MP: 7/7
  4362 | D:4      | Reached skill level 9 in Axes
  4653 | D:4      | Reached * piety under Okawaru
  4891 | D:4      | Reached skill level 10 in Axes
  5317 | D:5      | Entered Level 5 of the Dungeon
  5420 | D:5      | Noticed Eustachio
  5442 | D:5      | Killed Eustachio
  5442 | D:5      | Reached skill level 10 in Armour
  5442 | D:5      | Reached XP level 9. HP: 64/68 MP: 8/8
  5499 | D:5      | Found Fixkuf's Book Emporium.
  5641 | D:5      | Noticed Rexou's ghost (novice HEHu)
  5672 | D:5      | Killed Rexou's ghost
  5672 | D:5      | Reached ** piety under Okawaru
  5672 | D:5      | Reached skill level 11 in Axes
  5831 | D:5      | Found a radiant altar of Vehumet.
  5831 | D:5      | Found a burning altar of Makhleb.
  6200 | D:6      | Reached skill level 1 in Invocations
  6391 | D:6      | Found Fuafiad's Assorted Antiques.
  6394 | D:6      | Bought a glowing hat for 124 gold pieces
  6888 | D:7      | Found a radiant altar of Vehumet.
  6986 | D:7      | Reached skill level 12 in Axes
  7512 | D:7      | Reached *** piety under Okawaru
  7567 | D:7      | Found a sparkling altar of Nemelex Xobeh.
  7608 | D:7      | Received a gift from Okawaru
  7608 | D:7      | Reached XP level 10. HP: 75/77 MP: 12/12
  7966 | D:7      | Got a jacinth-encrusted ring mail
  7998 | D:7      | Identified the +8 ring mail of Bykhec {-Cast *Contam Str+8 SInv} (You found it on level 7 of the Dungeon)
  8161 | D:8      | Noticed Prince Ribbit
  8166 | D:8      | Killed Prince Ribbit
  8311 | D:8      | Reached skill level 5 in Fighting
  8398 | D:8      | Reached skill level 13 in Axes
  8441 | D:8      | Found a sparkling altar of Nemelex Xobeh.
  8497 | D:8      | Found an oddly glowing altar of Pakellas.
  8530 | D:8      | Noticed Maurice
  8547 | D:8      | Killed Maurice
  8728 | D:8      | Reached skill level 5 in Dodging
  8767 | D:8      | Reached **** piety under Okawaru
  9374 | D:9      | Found a snail-covered altar of Cheibriados.
  9377 | D:9      | Found a glowing golden altar of the Shining One.
  9377 | D:9      | Found a bloodstained altar of Trog.
  9476 | D:9      | Reached skill level 14 in Axes
  9794 | D:10     | Entered Level 10 of the Dungeon
  9795 | D:10     | Noticed a gargoyle
  9801 | D:10     | Killed a gargoyle
  9801 | D:10     | Reached XP level 11. HP: 86/86 MP: 13/13
  9808 | D:10     | Noticed a hill giant
  9819 | D:10     | Killed a hill giant
 10383 | D:10     | Noticed a hill giant
 10388 | D:10     | Killed a hill giant
 10399 | D:10     | Reached ***** piety under Okawaru
 10655 | D:10     | Reached skill level 15 in Axes
 10710 | D:10     | Noticed a hill giant
 10722 | D:10     | Killed a hill giant
 10872 | D:10     | Found a staircase to the Lair.
 10891 | D:10     | Reached skill level 5 in Invocations
 10993 | D:10     | Noticed Josephine
 11008 | D:10     | Killed Josephine
 11298 | Lair:1   | Entered Level 1 of the Lair of Beasts
 11412 | Lair:1   | Received a gift from Okawaru
 11413 | Lair:1   | Got a brightly glowing hunting sling {god gift}
 12138 | Lair:1   | Noticed a six-headed hydra
 12151 | Lair:1   | Killed a nine-headed hydra
 12151 | Lair:1   | Reached skill level 16 in Axes
 12151 | Lair:1   | Reached XP level 12. HP: 62/94 MP: 16/16
 12865 | Lair:2   | Received a gift from Okawaru
 13544 | Lair:2   | Identified the +7 hunting sling "Inwuob" {speed, rC+} (Okawaru gifted it to you on level 1 of the Lair of Beasts)
 13900 | Lair:3   | Found a staircase to the Shoals.
 13930 | Lair:3   | Noticed a four-headed hydra
 13983 | Lair:3   | Killed a 13-headed hydra
 14427 | Lair:3   | Noticed a five-headed hydra
 14441 | Lair:3   | Killed an 11-headed hydra
 14441 | Lair:3   | Reached skill level 17 in Axes
 15398 | Lair:4   | Received a gift from Okawaru
 16050 | Lair:5   | Found a hole to the Spider Nest.
 16335 | Lair:5   | Reached XP level 13. HP: 100/100 MP: 18/18
 16382 | Lair:5   | Received a gift from Okawaru
 16383 | Lair:5   | Got a slimy executioner's axe {god gift}
 16398 | Lair:5   | Identified the +3 executioner's axe of Defiance {drain, rN+} (Okawaru gifted it to you on level 5 of the Lair of Beasts)
 16502 | Lair:5   | Reached skill level 18 in Axes
 16587 | Lair:5   | Noticed a fire dragon
 17569 | Lair:6   | Reached ****** piety under Okawaru
 18008 | Lair:6   | Reached skill level 19 in Axes
 18421 | Lair:7   | Received a gift from Okawaru
 18465 | Lair:7   | Noticed Rupert
 18481 | Lair:7   | Got a pair of heavily runed gloves {god gift}
 18497 | Lair:7   | Killed Rupert
 18497 | Lair:7   | Reached skill level 1 in Stealth
 18627 | Lair:6   | Identified the -1 pair of gloves "Xoruc" {rC+} (Okawaru gifted it to you on level 7 of the Lair of Beasts)
 18840 | Lair:7   | Reached XP level 14. HP: 107/107 MP: 19/19
 18893 | Lair:7   | Found a staircase to the Slime Pits.
 19489 | Lair:8   | Entered Level 8 of the Lair of Beasts
 19706 | Lair:8   | Reached skill level 20 in Axes
 19997 | Lair:8   | Received a gift from Okawaru
 20936 | Lair:8   | Reached skill level 21 in Axes
 21789 | Lair:2   | Identified 5 scrolls of acquirement
 21790 | Lair:2   | Got a pitted ivory amulet
 21791 | Lair:2   | Identified the amulet "Betsac" {rC+ Regen+} (You acquired it on level 2 of the Lair of Beasts)
 21873 | Shoals:1 | Entered Level 1 of the Shoals
 22228 | D:11     | Learned a level 2 spell: Swiftness
 22239 | D:11     | Noticed Urug
 22253 | D:11     | Killed Urug
 22831 | D:11     | Found a staircase to the Orcish Mines.
 23848 | D:12     | Received a gift from Okawaru
 23849 | D:12     | Got a brightly glowing cloak {god gift}
 23860 | D:12     | Identified the -6 cloak "Liptug" {rC- Str+3 Dex+5} (Okawaru gifted it to you on level 12 of the Dungeon)
 24048 | D:13     | Reached skill level 22 in Axes
 24302 | D:13     | Reached XP level 15. HP: 89/115 MP: 20/20
 24404 | D:13     | Found a gate to the Vaults.
 25113 | D:14     | Noticed Maud
 25128 | D:14     | Killed Maud
 25279 | D:14     | Noticed Frances
 25287 | D:14     | Killed Frances
 25350 | D:14     | Reached skill level 10 in Dodging
 25731 | D:14     | Got a smoking ivory ring
 25733 | D:14     | Identified the ring "Puown" {*Confuse +Fly rElec EV+4 Int+3} (You acquired it on level 14 of the Dungeon)
 26063 | D:15     | Entered Level 15 of the Dungeon
 26095 | D:15     | Found a shattered altar of Ashenzari.
 26141 | D:15     | Found a staircase to the Depths.
 26155 | D:15     | Reached skill level 10 in Fighting
 26540 | D:15     | Found an oddly glowing altar of Pakellas.
 26545 | D:15     | Received a gift from Okawaru
 26670 | D:15     | Found an opulent altar of Gozag.
 26720 | D:15     | Found Zuafint's Food Shoppe.
 26772 | D:15     | Received a gift from Okawaru
 26927 | D:15     | Reached skill level 23 in Axes
 27555 | Orc:1    | Entered Level 1 of the Orcish Mines
 28121 | Orc:2    | Entered Level 2 of the Orcish Mines
 28121 | Orc:2    | Noticed Nessos
 28742 | Lair:2   | Gained mutation: Armour fits poorly on your strangely shaped body. [mutagenic glow]
 28750 | Lair:2   | Gained mutation: You are partially covered in iridescent scales (AC +4). [potion of mutation]
 28750 | Lair:2   | Gained mutation: Your spells are a little easier to cast, but a little less powerful. [potion of mutation]
 28750 | Lair:2   | Lost mutation: Your spells are a little easier to cast, but a little less powerful. [potion of mutation]
 28751 | Lair:2   | Gained mutation: You have large cloven feet. [potion of mutation]
 28751 | Lair:2   | Gained mutation: Your muscles are strong. (Str +2) [potion of mutation]
 28751 | Lair:2   | Gained mutation: Your mind is acute. (Int +2) [potion of mutation]
 28752 | Lair:2   | Gained mutation: You are frail (-10% HP). [potion of mutation]
 28752 | Lair:2   | Lost mutation: Your mind is acute. (Int +2) [potion of mutation]
 28753 | Lair:2   | Lost mutation: Your muscles are strong. (Str +2) [potion of cure mutation]
 28753 | Lair:2   | Lost mutation: Armour fits poorly on your strangely shaped body. [potion of cure mutation]
 28753 | Lair:2   | Lost mutation: You are frail (-10% HP). [potion of cure mutation]
 28952 | D:6      | Bought a runed plate armour for 713 gold pieces
 29173 | Spider:1 | Entered Level 1 of the Spider Nest
 29231 | Spider:1 | Reached XP level 16. HP: 127/136 MP: 21/21
 29232 | Spider:1 | Reached XP level 17. HP: 132/141 MP: 22/22
 29465 | Spider:1 | Reached skill level 1 in Air Magic
 29876 | Spider:1 | Reached skill level 1 in Charms
 31523 | Spider:2 | Noticed Louise
 31537 | Spider:2 | Killed Louise
 31540 | Spider:2 | Reached skill level 24 in Axes
 31540 | Spider:2 | Reached skill level 15 in Armour
 33060 | Spider:2 | Received a gift from Okawaru
 33066 | Spider:2 | Reached skill level 5 in Throwing
 33618 | Spider:3 | Noticed Nikola
 33851 | Spider:3 | Killed Nikola
 34105 | Spider:3 | Received a gift from Okawaru
 34485 | Spider:4 | Entered Level 4 of the Spider Nest
 34754 | Spider:4 | Noticed ayyllmao's ghost (adept MiFi)
 34809 | Spider:4 | Killed ayyllmao's ghost
 34809 | Spider:4 | Reached XP level 18. HP: 93/151 MP: 23/23
 36214 | Spider:4 | Received a gift from Okawaru
 36233 | Spider:4 | Blown up by an orb spider

Skill      XL: |  1  2  3  4  5  6  7  8  9 10 11 12 13 14 15 16 17 |
---------------+----------------------------------------------------+-----
Armour         | 1 4 5 6 8 10 11 14 18 | 18.4
Axes           | 5 6 7 8 10 12 14 16 17 19 22 23 24 | 24.9
Invocations    | 4 7 9 |  9.0
Fighting       | 3 5 6 10 11 | 11.0
Dodging        | 6 8 10 | 10.0
Stealth        | 2 |  2.1
Air Magic      | 1 |  1.4
Charms         | 1 |  1.1
Throwing       | 5 |  5.0

Action                   |  1- 3 |  4- 6 |  7- 9 | 10-12 | 13-15 | 16-18 || total
-------------------------+-------+-------+-------+-------+-------+-------++-------
Melee: War axe           |    38 |   119 |   432 |    75 |       |       ||   664
       Headbutt          |     6 |    22 |    82 |   182 |   281 |   191 ||   764
       Battleaxe         |       |       |       |   602 |    22 |       ||   624
       Executioner's axe |       |       |       |       |  1010 |   710 ||  1720
 Fire: Hunting sling     |       |    12 |       |     4 |       |       ||    16
Throw: Throwing net      |     1 |       |     5 |     2 |     2 |       ||    10
       Stone             |       |       |       |     3 |     4 |       ||     7
       Javelin           |       |       |       |       |     9 |    71 ||    80
       Tomahawk          |       |       |       |       |       |    39 ||    39
Invok: Heroism           |       |       |     2 |    23 |    34 |    16 ||    75
       Finesse           |       |       |       |     2 |    18 |     4 ||    24
Evoke: Wand              |       |       |       |    12 |     3 |     8 ||    23
  Use: Scroll            |       |       |     6 |    20 |    24 |     5 ||    55
       Potion            |       |       |     2 |     6 |    12 |     4 ||    24
 Stab: Held in net/web   |     1 |       |     3 |       |       |     1 ||     5
       Invisible         |       |       |       |     3 |       |       ||     3
       Distracted        |       |       |       |       |     3 |     1 ||     4
       Sleeping          |       |       |       |       |     3 |       ||     3
  Eat: Chunk             |       |     6 |    14 |    29 |    42 |    22 ||   113
       Fruit             |       |       |     2 |       |       |     1 ||     3
       Beef jerky        |       |       |       |     2 |     3 |     1 ||     6
Armor: Leather armour    |    12 |     5 |       |       |       |       ||    17
       Ring mail         |       |    42 |       |   244 |   361 |       ||   647
       Chain mail        |       |    10 |   220 |    15 |       |       ||   245
       Skin              |       |       |    12 |       |     1 |       ||    13
       Plate armour      |       |       |       |       |     8 |   471 ||   479
Dodge: Dodged            |    18 |    74 |   175 |   511 |   718 |   445 ||  1941
